 Dungeon Crawl Stone Soup version 0.31-a0-986-g5e6e4ef867 (webtiles) character file.

Game seed: 3717046867078256421

77 Curundu the Cudgeller (level 4, -2/40 HPs)
             Began as a Draconian Berserker on Nov 8, 2023.
             Was a Believer of Trog.
             Slain by Sigmund
             ... wielding a +0 scythe
              (9 damage)
             ... on level 4 of the Dungeon.
             The game lasted 00:23:13 (2845 turns).

Curundu the Cudgeller (Draconian Berserker)         Turns: 2845, Time: 00:23:13

Health: -2/40      AC:  5    Str: 20    XL:     4   Next: 13%
Magic:  4/4        EV: 12    Int:  7    God:    Trog [**....]
Gold:   161        SH:  4    Dex: 12    Spells: 3/3 levels left

rFire   . . .        a - +0 mace
rCold   . . .        b - +0 buckler
rNeg    . . .        (body armour unavailable)
rPois   .            (helmet restricted)
rElec   .            (no cloak)
rCorr   .            (no gloves)
SInv    .            (no boots)
Will    .....        i - amulet of faith
Stlth   +            (no ring)
HPRegen 0.26/turn    (no ring)
MPRegen 0.09/turn

%: faith
@: no status effects
A: AC +5, unfitting armour, cold-blooded
a: Renounce Religion, Berserk, Trog's Hand


You were on level 4 of the Dungeon.
You worshipped Trog.
Trog was pleased with you.
You visited 1 branch of the dungeon, and saw 4 of its levels.

You collected 161 gold pieces.

Inventory:

Hand Weapons
 a - a +0 mace (weapon)
Armour
 b - a +0 buckler (worn)
 f - a +0 ring mail
Magical Staves
 e - a staff of earth
 g - a staff of death
Jewellery
 i - an amulet of faith (around neck)
Scrolls
 d - 2 scrolls of enchant weapon {unknown}
 h - a scroll of vulnerability {unknown}
Potions
 c - 5 potions of curing {unknown}
 j - a potion of magic {unknown}
 l - a potion of brilliance {unknown}
 m - 2 potions of heal wounds {unknown}
 o - a potion of haste {unknown}


   Skills:
 + Level 4.0 Fighting
 + Level 4.1 Maces & Flails
 + Level 3.1 Dodging
 + Level 0.2 Stealth
 + Level 0.2 Shields


You had 3 spell levels left.
You didn't know any spells.
Your spell library contained the following spells:

 Spells                   Type           Power      Damage    Failure   Level
 Necrotise                Necr           0%         1d4       52%         1
 Vampiric Draining        Necr           0%         2d6       87%         3
 Agony                    Necr           0%         N/A       100%        5


Dungeon Overview and Level Annotations

Branches:
Dungeon (4/15)
 Temple: D:4-7

Altars:

Annotations:
D:4 Sigmund


Innate Abilities, Weirdness & Mutations

Your plain brown scales are hard. (AC +5)
You cannot fit into any form of body armour.
You are cold-blooded and may be slowed by cold attacks.


Message History

You kill the jackal!
Trog accepts your kill. The jackal barely misses you.
You hit the jackal.
You tail-slap the jackal, but do no damage.
The jackal is lightly wounded.
The jackal bites you but does no damage.
The jackal barely misses you.
You hit the jackal.
Your tail-slap misses the jackal.
The jackal is almost dead.
The jackal completely misses you. You block the jackal's attack.
You hit the jackal.
You kill the jackal!
Trog accepts your kill.
You see here a jackal corpse.
There is an escape hatch in the floor here.
Sigmund the Dreaded comes into view.
He is wielding a +0 scythe.
Sigmund shouts!
A ball python comes into view.
Sigmund casts a spell at you. The magic dart hits you!
Sigmund casts a spell.
Sigmund flickers and vanishes!
Deactivating autopickup; reactivate with Ctrl-A.
Something hits you!
You closely miss something.
You hear some strange, mumbled words.
A magic dart appears from out of thin air!
The magic dart hits you.
You barely miss something.
You hear some strange, mumbled words.
A puff of flame appears from out of thin air!
The puff of flame hits you.
You completely miss something. Something hits you.
You closely miss something.
Your tail-slap misses something.
Something hits you!
* * * LOW HITPOINT WARNING * * *
There is an escape hatch in the floor here.
Something hits you!
You die...

#.#.##..# #.###
#.<.....####.#
###.###......#
#####.##########
#.........#
#†###.###.########
#.# #.# #.....[.
#.# #.# #.......
#@# #.# #.......
#.# #.# #.......
#.# #.# #...#.<.
#.###.##. ... ##.#
#....).{. # #.##
#####.##. #.# # ##


There were no monsters in sight!

Vanquished Creatures
  An adder (D:3)
  2 worms
  2 dart slugs (D:1)
  3 orcs (D:3)
  6 ball pythons
  4 endoplasms
  2 giant cockroaches (D:1)
  2 goblins
  4 hobgoblins
  4 jackals (D:4)
  7 kobolds
  A quokka (D:3)
  5 bats
  10 frilled lizards
  5 rats
58 creatures vanquished.

Notes
Turn   | Place    | Note
-------+----------+-------------------------------------------
     0 | D:1      | Curundu the Draconian Berserker began the quest for the
                  | Orb.
     0 | D:1      | Reached XP level 1. HP: 19/19 MP: 1/1
   151 | D:1      | Reached XP level 2. HP: 26/26 MP: 2/2
   170 | D:1      | Found a faded altar of an unknown god.
  1150 | D:2      | Reached XP level 3. HP: 33/33 MP: 3/3
  1559 | D:2      | Identified the +0 leather armour of Spring Thaw {rElec
                  | Will- rCorr Dex+8}
  1628 | D:2      | Reached ** piety under Trog
  2326 | D:3      | Reached XP level 4. HP: 37/40 MP: 4/4
  2829 | D:4      | Noticed Sigmund
  2845 | D:4      | Slain by Sigmund

Illustrated notes

Levels and vault maps discovered:
D:1:      dpeg_arrival_houses_and_road, layout_loops_ring,
          shapermc_ecumenical_altar_mp_urbaneastern, minmay_lizard_pond
D:2:      layout_rooms, corexii_corridor_pit, dreamdust_princess_corridor,
          kennysheep_generic_room_3
D:3:      layout_loops_ring
D:4:      layout_loops_cross, minmay_door_square, uniq_ijyb, uniq_sigmund

Skill      XL: |  1  2  3 |
---------------+----------+-----
Dodging        | 3 |  3.1
Fighting       | 4 |  4.0
Maces & Flails | 4 |  4.1
Stealth        | |  0.2
Shields        | |  0.2

Action                     |  1- 3 |  4- 6 || total
---------------------------+-------+-------++-------
  Melee: Mace              |   208 |    22 ||   230
         Tailslap          |    26 |     1 ||    27
         Punch             |     2 |       ||     2
   Stab: Sleeping          |     1 |       ||     1
 Armour: Skin              |    74 |    25 ||    99
  Dodge: Dodged            |    85 |    20 ||   105
  Block: Buckler           |    21 |     3 ||    24

Table legend: (Time is in decaauts)
 A = Elapsed time spent in this place.
 B = Non-inter-level travel time spent in this place.
 C = Inter-level travel time spent in this place.
 D = Time resting spent in this place.
 E = Time spent auto-exploring this place.
 F = Levels seen in this place.
 G = Mean time per level.
                   A        B        C        D        E       F      G
               +--------+--------+--------+--------+--------+-----+--------+
         Total |   2904 |   2904 |      0 |     71 |      0 |   4 |  726.0 |
       Dungeon |   2904 |   2904 |      0 |     71 |      0 |   4 |  726.0 |
               +--------+--------+--------+--------+--------+-----+--------+

Top non-repeatable levels by time:
     D:1: 1135 daAuts
     D:3: 1044 daAuts
     D:2: 589 daAuts
     D:4: 135 daAuts
